 Dungeon Crawl Stone Soup version 0.31-a0-365-gcf821cafb2 (webtiles) character file.

Game seed: 17073097418168094969

8 drugrobin the Sneak (level 1, -1/18 HPs)
             Began as a Demigod Delver on July 28, 2023.
             Slain by a goblin
             ... wielding a +0 club
              (4 damage)
             ... on level 4 of the Dungeon.
             The game lasted 00:00:50 (76 turns).

drugrobin the Sneak (Demigod Delver)                  Turns: 76, Time: 00:00:50

Health: -1/18      AC:  3    Str: 13    XL:     1   Next: 80%
Magic:  3/3        EV: 11    Int: 12    God:
Gold:   0          SH:  0    Dex: 15    Spells: 0/0 levels left

rFire   . . .        a - +0 hand axe
rCold   . . .        (no shield)
rNeg    . . .        b - +0 leather armour
rPois   .            (no helmet)
rElec   .            (no cloak)
rCorr   .            (no gloves)
SInv    .            (no boots)
Will    .....        (no amulet)
Stlth   +++          (no ring)
HPRegen 0.23/turn    (no ring)
MPRegen 0.08/turn

%: no passive effects
@: no status effects
A: high MP 1, forlorn, divine attributes
a: no special abilities


You were on level 4 of the Dungeon.
You visited 1 branch of the dungeon, and saw 2 of its levels.

Inventory:

Hand Weapons
 a - a +0 hand axe (weapon)
Armour
 b - a +0 leather armour (worn)
Wands
 g - a wand of digging (3)
Scrolls
 c - a scroll of fog
 e - a scroll of fear
Potions
 f - a potion of haste


   Skills:
 - Level 2.6 Fighting
 + Level 2.5 Axes
 - Level 1.7 Dodging
 - Level 4.5 Stealth


You couldn't memorise any spells.
You didn't know any spells.
Your spell library was empty.

Dungeon Overview and Level Annotations

Branches:
Dungeon (5/15)             Temple (0/1) D:4

Annotations:
D:4 exclusion: orc priest
D:5 exclusion: sleepcap


Innate Abilities, Weirdness & Mutations

You have an increased reservoir of magic. (+10% MP)
You shall have no god before yourself.
Your divine heritage dramatically boosts your attributes as you level up.


Message History

You hit the hobgoblin.
You kill the hobgoblin!
Found a giant club.
A goblin comes into view. It is wielding a +0 club.
Unknown command.
An endoplasm comes into view.
Found 13 gold pieces and a robe.
The goblin shouts!
The endoplasm quivers.
The goblin closely misses you.
Unknown command.
Unknown command.
You closely miss the goblin. The goblin hits you with a +0 club.
You hit the goblin.
The goblin is moderately wounded.
The goblin barely misses you.
You hit the goblin.
The goblin is heavily wounded.
The goblin closely misses you.
A goblin comes into view. It is wielding a +0 club.
Unknown command.
You barely miss the endoplasm. You closely miss the goblin.
The endoplasm freezes you.
You are frozen.
The goblin barely misses you.
Unknown command.
Unknown command.
You completely miss the endoplasm. You hit the goblin.
You kill the goblin!
The endoplasm freezes you.
You are frozen.
Unknown command.
Unknown command.
You hit the endoplasm.
The endoplasm is severely wounded.
The endoplasm hits you. The endoplasm freezes you.
You are frozen.
* * * LOW HITPOINT WARNING * * *
The goblin hits you with a +0 club.
You die...

,,,,,,,,,,,*,,*,,,,⌠,⌠,,,,,,,****
,,,,,,*,,,,,......8.8.8.,,,,,,,,,
,,**<,**,,*,#....[......,,,,,****
,,***,*,,,**#...........,,,,,*,,,
,,,**,,,,** *...........,,,,,*,**
,,,***..** **..........,,,,,,,*,
,,,**,,.#######.........,,,,,***,
,,,,,,,,...##..)J..$#,,,,,,*,,,,,
.,**,..*#.......@g..#*,,,,,,,,,,,
..#**..##.......#...#.,,,,,,,,**,
..####.##).####.#.......,,,,,,,,,
.......##...##..........,,,,,,,,,
#.$....#...........####.,,,,,,,,,
#...........###.....#,*,,,,,,,,,,
#..........###........,,,,,,,,,,,
...................#...,,,,,,,,,,
...........##......##..,,,,,,,,,,


You could see an endoplasm and a goblin.

Vanquished Creatures
  An ufetubus (D:4)
  A goblin (D:4)
  A hobgoblin (D:4)
3 creatures vanquished.

Notes
Turn   | Place    | Note
-------+----------+-------------------------------------------
     0 | D:5      | drugrobin the Demigod Delver began the quest for the Orb.
     0 | D:5      | Reached XP level 1. HP: 18/18 MP: 3/3
    19 | D:5      | Noticed a sleepcap
    36 | D:4      | Noticed an orc priest
    76 | D:4      | Slain by a goblin

Illustrated notes

Levels and vault maps discovered:
D:4:      layout_cave_pools, mainiacjoe_overflow_large_starburst,
          minmay_temple_entry_statues_fountains, lightli_sewer_entry_pipes
D:5:      layout_loops_ring, minmay_statues_item, serial_park_tiny_pond

Skill      XL: |  1 |
---------------+----+-----
Axes           | 2 |  2.5
Fighting       | |  2.6
Dodging        | |  1.7
Stealth        | |  4.5

Action                     || total
---------------------------++-------
  Melee: Hand axe          ||    10
    Use: Scroll            ||     1
  Dodge: Dodged            ||     7

Table legend: (Time is in decaauts)
 A = Elapsed time spent in this place.
 B = Non-inter-level travel time spent in this place.
 C = Inter-level travel time spent in this place.
 D = Time resting spent in this place.
 E = Time spent auto-exploring this place.
 F = Levels seen in this place.
 G = Mean time per level.
                   A        B        C        D        E       F      G
               +--------+--------+--------+--------+--------+-----+--------+
         Total |     77 |     77 |      0 |      0 |      4 |   2 |   38.5 |
       Dungeon |     77 |     77 |      0 |      0 |      4 |   2 |   38.5 |
               +--------+--------+--------+--------+--------+-----+--------+

Top non-repeatable levels by time:
     D:4: 47 daAuts
     D:5: 30 daAuts
